 Dungeon Crawl Stone Soup version 0.29-a0-553-g81b289dbe5 (webtiles) character file.

Game seed: 14758616527568610957

126 Hubjo the Insei (level 4, -2/34 HPs)
             Began as a Demonspawn Transmuter on June 6, 2022.
             Was a Follower of Makhleb.
             Slain by a gnoll
             ... wielding a +0 spear
             ... led by a gnoll shaman
              (7 damage)
             ... on level 4 of the Dungeon.
             The game lasted 00:03:54 (3522 turns).

Hubjo the Insei (Demonspawn Transmuter)             Turns: 3522, Time: 00:03:57

Health: -2/34      AC:  2    Str: 11    XL:     4   Next: 84%
Magic:  7/7        EV: 12    Int: 14    God:    Makhleb [*.....]
Gold:   214        SH:  0    Dex: 15    Spells: 3/8 levels left

rFire   . . .      SeeInvis .     - Unarmed
rCold   + . .      Faith    .   (no shield)
rNeg    . . .      Spirit   .   a - +0 robe
rPois   .          Reflect  .   (no helmet)
rElec   .          Harm     .   (no cloak)
rCorr   .          Rampage  .   (no gloves)
Will    .....                   (no boots)
Stlth   ++........              n - amulet of magic regeneration
HPRegen 0.11/turn               f - ring of protection from cold
MPRegen 0.50/turn               (no ring)

@: about to teleport
A: demonic touch 2
a: Renounce Religion


You were on level 4 of the Dungeon.
You worshipped Makhleb.
Makhleb was aware of your devotion.
You visited 1 branch of the dungeon, and saw 4 of its levels.

You collected 214 gold pieces.

Inventory:

Armour
 a - a +0 robe (worn)
Jewellery
 f - a ring of protection from cold (left hand)
 n - an amulet of magic regeneration (around neck)
Wands
 k - a wand of polymorph (7)
Scrolls
 c - a scroll of noise {unknown}
 e - a scroll of brand weapon {unknown}
 j - a scroll of enchant weapon {unknown}
 m - a scroll of magic mapping {unknown}
Potions
 b - a potion of lignification
 d - 2 potions of might {unknown}
 h - 2 potions of curing {unknown}
 i - a potion of resistance {unknown}
 l - a potion of ambrosia {unknown}


   Skills:
 + Level 2.3 Fighting
 - Level 1.7 Dodging
 + Level 1.8 Stealth
 + Level 3.1 Unarmed Combat
 + Level 2.6 Spellcasting
 * Level 2.6 Transmutations
 + Level 0.3 Ice Magic


You had 3 spell levels left.
You knew the following spells:

 Your Spells              Type           Power      Damage    Failure   Level
a - Beastly Appendage     Tmut           18%        N/A       8%          1
b - Ice Form              Ice/Tmut       6%         N/A       77%         4

Your spell library contained the following spells:

 Spells                   Type           Power      Damage    Failure   Level
 Wereblood                Tmut           9%         N/A       11%         2
 Magic Dart               Conj           4%         1d3       22%         1
 Necrotize                Necr           4%         1d4       22%         1
 Call Imp                 Summ           1%         N/A       34%         2
 Spider Form              Tmut/Pois      5%         N/A       36%         3
 Mephitic Cloud           Conj/Pois/Air  1%         N/A       56%         3
 Vampiric Draining        Necr           1%         2d6       56%         3
 Agony                    Necr           1%         N/A       99%         5


Dungeon Overview and Level Annotations

Branches:
Dungeon (4/15)
 Temple: D:4-7

Altars:
Makhleb
Uskayaw
Vehumet
The Shining One


Innate Abilities, Weirdness & Mutations

Your touch may inflict irresistible damage on your foes.


Message History

Moving in this stuff is going to be slow.
You enter the shallow water.
Moving in this stuff is going to be slow.
You enter the shallow water.
Moving in this stuff is going to be slow.
There is a stone staircase leading down here.
You start putting on your amulet.
You continue putting on your amulet of magic regeneration. x5
You finish putting on your amulet of magic regeneration.
n - an amulet of magic regeneration (around neck)
You climb downwards.
Found 9 gold pieces, a shimmering long sword and a bubbling clear potion.
There is a stone staircase leading up here.
The hobgoblin shouts!
The ogre shouts!
The goblin shouts!
The gnoll shaman shouts!
The gnoll shouts!
The gnoll hits you with a +0 spear!
The gnoll shouts! x2; You hear an angry hiss.
You climb upwards.
There is a stone staircase leading down here.
There is an escape hatch in the floor here.
Things that are here:
3 stones; a +0 club You start resting.
HP restored.
You start waiting.
Done waiting.
You start waiting.
Done waiting.
You slide downwards.
The hatch slams shut behind you.
As you read the scroll of teleportation, it crumbles to dust.
You feel strangely unstable. The gnoll closely misses you.
You hit the ogre.
The ogre is lightly wounded.
The gnoll barely misses you.
The ogre hits you with a +0 giant spiked club!!
Ouch! That really hurt!
* * * LOW HITPOINT WARNING * * *
The gnoll hits you from afar with a +0 spear!
You die...

#####. #......
########............
#........g.......!..
#...................
#......@O...........
#######gg...........
#..g.......#
##gg.......#
#....g<...#
#.g.......#
#.........#
#.........#
#.g.g.....#


You could see an ogre, a gnoll shaman, 5 gnolls, a hobgoblin and a goblin.

Vanquished Creatures
  Terence (D:3)
  3 adders
  2 worms (D:2)
  An orc (D:3)
  4 bats
  10 endoplasms
  2 giant cockroaches
  3 goblins
  7 hobgoblins
  5 jackals (D:1)
  5 kobolds
  8 ball pythons
  6 frilled lizards
  7 rats
64 creatures vanquished.

Notes
Turn   | Place    | Note
-------+----------+-------------------------------------------
     0 | D:1      | Hubjo the Demonspawn Transmuter began the quest for the
                  | Orb.
     0 | D:1      | Reached XP level 1. HP: 15/15 MP: 3/3
   232 | D:1      | Gained mutation: Your touch may inflict minor irresistible
                  | damage on your foes. [demonic ancestry]
   232 | D:1      | Reached XP level 2. HP: 21/21 MP: 3/5
   706 | D:1      | Reached skill level 1 in Stealth
   987 | D:1      | Reached XP level 3. HP: 27/27 MP: 4/6
  1412 | D:2      | Reached skill level 3 in Unarmed Combat
  1596 | D:2      | Gained mutation: Your touch may inflict irresistible damage
                  | on your foes. [demonic ancestry]
  1596 | D:2      | Reached XP level 4. HP: 33/33 MP: 5/7
  2294 | D:2      | Learned a level 4 spell: Ice Form
  2365 | D:3      | Found a radiant altar of Vehumet.
  2457 | D:3      | Found a hide-covered altar of Uskayaw.
  2703 | D:3      | Noticed Terence
  2708 | D:3      | Killed Terence
  3008 | D:3      | Found a burning altar of Makhleb.
  3186 | D:3      | Found a faded altar of an unknown god.
  3194 | D:3      | Prayed at the altar of an unknown god.
  3194 | D:3      | Became a worshipper of Makhleb the Destroyer
  3194 | D:3      | Reached * piety under Makhleb
  3259 | D:4      | Noticed an ogre
  3522 | D:4      | Slain by a gnoll

Illustrated notes

Levels and vault maps discovered:
D:1:      dpeg_arrival_boxes_within_box, layout_loops_ring
D:2:      layout_basic, basic_altar
D:3:      layout_loops_cross, nicolae_overflow_hidden_temple,
          nicolae_vehumet_radiance, nicolae_uskayaw_murder_on_the_dancefloor,
          shapermc_ecumenical_altar_hornbeckon, uniq_terence
D:4:      layout_rooms, zin_purify, nicolae_dithmenos_through_a_glass_darkly

Skill      XL: |  1  2  3 |
---------------+----------+-----
Transmutations | 2 |  2.6
Stealth        | 1 |  1.8
Fighting       | 2 |  2.3
Unarmed Combat | 3 |  3.1
Dodging        | |  1.7
Spellcasting   | |  2.6
Ice Magic      | |  0.3

Action                   |  1- 3 |  4- 6 || total
-------------------------+-------+-------++-------
Melee: Unarmed           |    90 |    53 ||   143
       Kick              |    20 |    11 ||    31
       Headbutt          |     9 |     6 ||    15
       Touch             |     6 |     7 ||    13
       Punch             |     1 |       ||     1
 Cast: Beastly Appendage |    35 |    20 ||    55
  Use: Scroll            |       |     2 ||     2
 Stab: Sleeping          |     4 |     2 ||     6
Armor: Robe              |    14 |     4 ||    18
Dodge: Dodged            |    47 |    23 ||    70

Table legend: (Time is in decaauts)
 A = Elapsed time spent in this place.
 B = Non-inter-level travel time spent in this place.
 C = Inter-level travel time spent in this place.
 D = Time resting spent in this place.
 E = Time spent auto-exploring this place.
 F = Levels seen in this place.
 G = Mean time per level.
                   A        B        C        D        E       F      G
               +--------+--------+--------+--------+--------+-----+--------+
         Total |   3523 |   3330 |    193 |    243 |   2614 |   4 |  880.8 |
       Dungeon |   3523 |   3330 |    193 |    243 |   2614 |   4 |  880.8 |
               +--------+--------+--------+--------+--------+-----+--------+

Top non-repeatable levels by time:
     D:3: 1227 daAuts
     D:1: 1173 daAuts
     D:2: 1115 daAuts
     D:4: 6 daAuts
